 Dungeon Crawl Stone Soup version 0.21.1-1-g345015f (webtiles) character file.

113 microfolk the Caller (level 4, -4/30 HPs)
             Began as a Merfolk Summoner on Apr 24, 2018.
             Slain by Robin
             ... wielding a +0 mace
              (5 damage)
             ... on level 4 of the Dungeon.
             The game lasted 00:09:52 (4127 turns).

microfolk the Caller (Merfolk Summoner)             Turns: 4127, Time: 00:09:53

Health: -4/30      AC:  2    Str:  8    XL:     4   Next: 96%
Magic:  0/8        EV: 14    Int: 15    God:
Gold:   164        SH:  0    Dex: 14    Spells: 3/9 levels left

rFire    . . .     SeeInvis .   i - +0 dagger
rCold    . . .     Gourm    .   (no shield)
rNeg     . . .     Faith    .   a - +0 robe
rPois    +         Spirit   .   (no helmet)
rElec    .         Reflect  .   (no cloak)
rCorr    .         Harm     .   (no gloves)
MR       .....                  (no boots)
Stlth    ++........             (no amulet)
HPRegen  0.10/turn              l - ring of poison resistance
MPRegen  0.11/turn              (no ring)

@: no status effects
A: change form in water, swift swim, stealthy swim
a: no special abilities


You were on level 4 of the Dungeon.
You were not hungry.

You visited 1 branch of the dungeon, and saw 4 of its levels.

You collected 164 gold pieces.

Inventory:

Hand Weapons
 i - a +0 dagger (weapon)
Missiles
 k - 61 stones (quivered)
 s - 22 sling bullets
Armour
 a - a +0 robe (worn)
 h - a +0 leather armour
 t - a +0 cloak
Jewellery
 l - a ring of poison resistance (left hand)
 n - an uncursed ring of protection from cold {unknown}
Scrolls
 d - a scroll of magic mapping
 e - 2 scrolls of remove curse
 f - a scroll of identify {unknown}
 g - 3 scrolls of amnesia
 p - a scroll of fog {unknown}
 r - a scroll of enchant armour {unknown}
 v - a scroll of fear {unknown}
 y - a scroll of teleportation {unknown}
Potions
 j - a potion of agility {unknown}
 m - a potion of brilliance
 o - a potion of mutation {unknown}
 q - a potion of lignification {unknown}
 w - a potion of curing {unknown}
 x - a potion of might {unknown}
Books
 b - a book of Callings

   Spells                             Type                      Level
   a - Summon Small Mammal            Summoning                    1
   b - Call Imp                       Summoning                    2
   c - Call Canine Familiar           Summoning                    3
   d - Summon Guardian Golem          Hexes/Summoning              3
   e - Summon Lightning Spire         Summoning/Air                4
   f - Summon Ice Beast               Ice/Summoning                4
Comestibles
 c - 7 rations
 u - 3 chunks of flesh


   Skills:
 + Level 4.3 Dodging
 - Level 2.1 Stealth
 + Level 3.0 Spellcasting
 + Level 4.8 Summonings


You had 3 spell levels left.
You knew the following spells:

 Your Spells              Type           Power        Failure   Level  Hunger
a - Summon Small Mammal   Summ           ###.         2%          1    #......
b - Call Imp              Summ           ###.....     4%          2    ##.....
c - Call Canine Familiar  Summ           ###.....     9%          3    ###....


Dungeon Overview and Level Annotations

Branches:
Dungeon (4/15)
 Temple: D:4-7

Altars:
Dithmenos
Elyvilon
Yredelemnul

Annotations:
D:2 exclusion: downstairs
D:3 silwyr's ghost, amateur DEWz
D:4 Robin


Message History

Casting: Call Imp
Confirm with . or Enter, or press ? or * to list all spells.
A beastly little devil appears in a puff of flame.
Robin hits you with a mace. The goblin completely misses you.
Robin hits you with a mace.
* * * LOW HITPOINT WARNING * * *
Your white imp hits Robin.
Your white imp freezes Robin.
The goblin hits you.
* * * LOW HITPOINT WARNING * * *
Robin hits you with a mace.
* * * LOW HITPOINT WARNING * * *
Your crimson imp misses the goblin.
Your white imp hits Robin.
Your white imp freezes Robin.
Your magical contamination has completely faded away.
The goblin wields an uncursed hunting sling.
The goblin shoots a stone.
The stone hits you but does no damage. The hobgoblin hits you with a club.
* * * LOW HITPOINT WARNING * * *
Robin hits you with a mace.
You die...

,*,* *,,* #.###§§§§..§§§##.. ,*,*
**,** #.# ##§§§§§§§##.[. **,*
*,,* #.# ##§.§§§###### ,,,* **,**
#.#***##...####,,, **** *,,*
##.#*,* #...##.##** **,*
#.5##.####.#....# * *,*
#g###........##.# *
*****,*##(÷.######.#.#<.# * **
****.,,,*##.g@..## #.#.####**
,***,,,..***#.5g....# #.#..,,,,,
,**,,,,...**##.....## #.####****
,*,,,,*....**##...##***#.#
,,,,**,*#.g.,*###.# *,*#.#*******
,,,**,⌠,*#...##)..##*,*#.,,,,,,,,
,,****,***#..g†)(..#*,***********
,,*,*,*,*,#g.)g..(.#*,*
,*,⌠,**#.⌠.#.....(.#*,* **


You could see Robin, a hobgoblin, a goblin and a friendly white imp.

Vanquished Creatures
  A bat (D:4)
  2 goblins
  A hobgoblin (D:1)
  2 kobolds
6 creatures vanquished.

Vanquished Creatures (collateral kills)
  An orc priest (D:3)
  2 orc wizards (D:3)
  4 adders
  An ooze (D:2)
  A worm (D:4)
  2 dart slugs (D:2)
  2 leopard geckos (D:1)
  6 orcs (D:3)
  2 giant cockroaches
  9 goblins
  11 hobgoblins
  4 jackals (D:3)
  2 kobolds (D:2)
  6 bats (D:4)
  4 rats
  A spectral orc (D:3)
58 creatures vanquished.

Grand Total: 64 creatures vanquished

Notes
Turn   | Place    | Note
-------+----------+-------------------------------------------
     0 | D:1      | microfolk the Merfolk Summoner began the quest for the Orb.
     0 | D:1      | Reached XP level 1. HP: 13/13 MP: 3/3
   497 | D:1      | Reached XP level 2. HP: 15/19 MP: 1/5
   544 | D:1      | Learned a level 2 spell: Call Imp
  1657 | D:2      | Reached XP level 3. HP: 6/24 MP: 2/6
  1662 | D:2      | Learned a level 3 spell: Call Canine Familiar
  1880 | D:2      | Found a white marble altar of Elyvilon.
  2453 | D:3      | Found a basalt altar of Yredelemnul.
  2720 | D:3      | Reached XP level 4. HP: 30/30 MP: 2/8
  3474 | D:3      | Noticed an ice beast
  3750 | D:3      | Noticed silwyr's ghost (amateur DEWz)
  3824 | D:4      | Found a shadowy altar of Dithmenos.
  4104 | D:4      | Noticed Robin
  4127 | D:4      | HP: 1/30 [hobgoblin/club[Robin] (3)]
  4127 | D:4      | Slain by Robin

Skill      XL: |  1  2  3  4 |
---------------+-------------+-----
Dodging        | 3 4 |  4.3
Spellcasting   | 3 |  3.0
Stealth        | |  2.1
Summonings     | |  4.8

Action                   |  1- 3 |  4- 6 || total
-------------------------+-------+-------++-------
Melee: Unarmed           |     5 |       ||     5
       Dagger            |    37 |    12 ||    49
 Cast: Summon Small Mamm |    34 |     8 ||    42
       Call Imp          |    22 |    19 ||    41
       Call Canine Famil |     3 |     9 ||    12
  Use: Potion            |     3 |       ||     3
       Scroll            |     2 |     1 ||     3
  Eat: Ration            |     1 |       ||     1
       Chunk             |     4 |     7 ||    11
Armor: Robe              |    10 |     5 ||    15
Dodge: Dodged            |    59 |    40 ||    99
